Unix NetHack Version 5.0.0-0 post-release - last build May  4 2026 22:22:43 (774f63e81ad911689b3a0859ea89b322d5daca8d,branch:main).

Game began 2026-05-08 17:38:59, ended 2026-05-08 18:09:35.

BSL2425737, neutral female human Valkyrie

  ------------
  |....r@r...|
  |..r..h.<..|
  |...rr.....|
  |....(.....|
  --------|---
          #
          #
          #
          #




          |
          F
          .
         ---

BSL2425737 the Skirmisher   St:16 Dx:11 Co:16 In:10 Wi:12 Ch:9  Neutral
Dlvl:6  $:76 HP:0(35) Pw:4(11) AC:10 Xp:4 T:1845  Hungry  

Latest messages:
 You see here a locked large box.
 You stop.  Your sewer rat is in the way!
 A gush of water hits the sewer rat on the head!
 The door resists!
 The door opens.
 You find a hidden passage.
 You begin bashing monsters with your bare hands.
 You miss the bugbear.
 You miss the bugbear.
 The bugbear hits!
 You are beginning to feel hungry.
 You miss the bugbear.
 The bugbear hits!
 You miss the bugbear.
 You miss the bugbear.
 The bugbear hits!
 You miss the bugbear.
 The bugbear hits!
 You hit the bugbear.
 The bugbear hits!
 You miss the bugbear.
 You miss the bugbear.
 The bugbear hits!
 You swap places with your giant rat.
 You swap places with your sewer rat.
 You hear some noises.
 You swap places with your sewer rat.
 What do you want to wield? [- abl or ?*] a
 a - a +1 spear (weapon in right hand).
 A gush of water hits the sewer rat!
 A gush of water hits the sewer rat's left foreleg!
 You stop.  Your sewer rat is in the way!
 A gush of water hits the bugbear's left arm!
 The bugbear hits!
 You miss the bugbear.
 The giant rat misses the bugbear.
 You hit the bugbear!
 The giant rat misses the bugbear.
 The bugbear hits!
 You miss the bugbear.
 The bugbear hits!
 You stop.  Your sewer rat is in the way!
 The giant rat misses the bugbear.
 The bugbear hits!
 You die...
 Do you want your possessions identified? [ynq] (y) n
 Do you want to see your attributes? [ynq] (y) n
 Do you want an account of creatures vanquished? [ynaq] (y) n
 Do you want to see your conduct and achievements? [ynq] (y) n
 Do you want to see the dungeon overview? [ynq] (y) n

Inventory:
 Coins    ('$')
  $ - 76 gold pieces
 Weapons  (')')
  b - a blessed +0 dagger
  a - a +1 spear (weapon in right hand)
  l - a +0 scimitar
 Armor    ('[')
  j - an uncursed +0 pair of low boots
  c - an uncursed +3 small shield
  e - an uncursed +0 leather armor
 Comestibles  ('%')
  d - 2 uncursed food rations
 Potions  ('!')
  h - a blessed potion of levitation
  n - an uncursed potion of oil
  f - a blessed potion of see invisible

BSL2425737 the Valkyrie's attributes:

Background:
 You were a Skirmisher, a level 4 human Valkyrie.
 You were neutral, on a mission for Odin
 who was opposed by Tyr (lawful) and Loki (chaotic).
 You were right-handed.
 You were in the Dungeons of Doom, on level 6.
 You entered the dungeon 1845 turns ago.
 You had 118 experience points, 42 more were needed to attain level 5.

Basics:
 You had 0 out of 35 hit points.
 You had 4 out of 11 energy points (spell power).
 Your armor class was 10.
 Your wallet contained 76 zorkmids.
 Autopickup was off.

Final Characteristics:
 Your strength was 16 (limit:18/100).
 Your dexterity was 11 (limit:18).
 Your constitution was 16 (limit:18).
 Your intelligence was 10 (limit:18).
 Your wisdom was 12 (limit:18).
 Your charisma was 9 (limit:18).

Final Status:
 You were hungry.
 You were unencumbered.
 You were wielding a spear.
 You had basic skill with spear.
 You weren't wearing any armor.

Final Attributes:
 You were devoutly aligned.
 You were cold resistant.
 You were stealthy.
 You are dead.

Miscellaneous:
 You encountered 1 bones level.
 Total elapsed playing time was 30 minutes and 35 seconds.

Major events:
 Turn
    1: BSL2425737 the neutral human Valkyrie entered the dungeon
 1370: attained the rank of Skirmisher (level 3)
 1422: entered the Gnomish Mines
 1845: killed by a bugbear

You didn't know any spells.

Skills:
 Fighting Skills
   bare handed combat [Unskilled]
   two weapon combat  [Unskilled]
   riding             [Unskilled]
 Weapon Skills
   dagger             [Basic]
   axe                [Unskilled]
   pick-axe           [Unskilled]
   short sword        [Unskilled]
   broadsword         [Unskilled]
   long sword         [Unskilled]
   two-handed sword   [Unskilled]
   saber              [Unskilled]
   hammer             [Unskilled]
   quarterstaff       [Unskilled]
   polearms           [Unskilled]
   spear              [Basic]
   trident            [Unskilled]
   lance              [Unskilled]
   sling              [Unskilled]
 Spellcasting Skills
   attack spells      [Unskilled]
   escape spells      [Unskilled]

Voluntary challenges:
 Character rerolling was not enabled.
 You were illiterate.
 You never genocided any monsters.
 You never polymorphed an object.
 You used no wishes.
Achievements:
 You entered a shop.
 You attained the rank of Skirmisher.
 You entered the Gnomish Mines.

 The Dungeons of Doom: levels 1 to 6
    Level 1:
       A fountain.
    Level 2:
    Level 3:
       A weapon shop, a fountain.
    Level 4:
       A fountain.
       Stairs down to The Gnomish Mines.
    Level 5:
       Many fountains.
    Level 6: <- You were here.
       Final resting place for
          you, killed by a bugbear.
 The Gnomish Mines:
    Level 5:
       Final resting place for
          1212459919-Rog-Orc-Mal-Cha, killed by a dwarf.


Vanquished creatures:
 an imp
  a rock piercer
  2 hill orcs
  2 giant bats
  a wererat
  2 coyotes
  a gas spore
  3 manes
  a brown mold
  2 geckos
  2 jackals
  a fox
  a kobold
  a goblin
  2 grid bugs
  a bat
  4 lichens
  4 newts
32 creatures vanquished.

No species were genocided or became extinct.

Game over:
                       ----------
                      /          \
                     /    REST    \
                    /      IN      \
                   /     PEACE      \
                  /                  \
                  |    BSL2425737    |
                  |      76 Au       |
                  |   killed by a    |
                  |     bugbear      |
                  |                  |
                  |                  |
                  |       2026       |
                 *|     *  *  *      | *
        _________)/\\_//(\/(/\)/\//\/|_)_______

Farvel BSL2425737 the Valkyrie...

You died in The Dungeons of Doom on dungeon level 6 with 791 points,
and 76 pieces of gold, after 1845 moves.
You were level 4 with a maximum of 35 hit points when you died.

